[Event "AUT Bundesliga 2024-25"]
[Site "Austria"]
[Date "2025.04.05"]
[Round "10.1"]
[White "Parligras, Mircea-Emilian"]
[Black "Horvath, Dominik"]
[Result "1-0"]
[Annotator "RC"]
[ECO "E10"]
[WhiteElo "2507"]
[BlackElo "2543"]
[PlyCount "87"]
[EventDate "2024.08.28"]
[EventType "team-tourn"]
[EventCountry "AUT"]
[SourceTitle "playchess.com"]
[Source "ChessBase"]
[SourceQuality "1"]
[TimeControl "40/5400+30:1800+30"]

1. d4 Nf6 2. c4 e6 3. Nf3 h6 4. Nc3 Bb4 5. Qc2 c5 6. dxc5 Na6 7. a3 Bxc3+ 8. Qxc3 Nxc5 9. Nd2 O-O 10. b4 Nce4 11. Nxe4 Nxe4 12. Qd4 d5 13. Bb2 Qg5 14. e3 Re8 15. h4 Qg4 16. Rh3 e5 17. Qxd5 Nf6 18. Qd2 Be6 19. Rg3 Qxh4 20. Bxe5 Nh5 21. Rf3 Bg4 22. Bd4 Bxf3 23. gxf3 Nf4 24. O-O-O Ne6 25. Bb2 Red8 26. Bd3 a5 27. f4 axb4 28. axb4 f6 29. Qe2 Qh3 30. c5 Kh8 31. Be4 Rxd1+ 32. Kxd1 Rd8+ 33. Kc2 Rd7 34. Qb5 Re7 35. c6 b6 36. Qxb6 f5 37. Bd5 Qf1 38. Bc3 Qe2+ 39. Bd2 Nc7 40. Qb8+ Kh7 41. Bg8+ Kg6 42. Qf8 Nb5 43. Qxe7 Nd4+ 44. Kc1 1-0

[Event "AUT Bundesliga 2024-25"]
[Site "Austria"]
[Date "2025.04.05"]
[Round "10.2"]
[White "Kozak, Adam"]
[Black "Kozul, Zdenko"]
[Result "*"]
[Annotator "TA"]
[ECO "E94"]
[WhiteElo "2598"]
[BlackElo "2507"]
[PlyCount "35"]
[EventDate "2024.08.28"]
[EventType "team-tourn"]
[EventCountry "AUT"]
[SourceTitle "playchess.com"]
[Source "ChessBase"]
[SourceQuality "1"]
[TimeControl "40/5400+30:1800+30"]

1. d4 Nf6 2. c4 g6 3. Nc3 Bg7 4. e4 d6 5. Nf3 O-O 6. Be2 e5 7. O-O Bg4 8. d5 Nbd7 {[%emt 0:00:13] E94: King's Indian: Classical: 6 Be2 e5 7 0-0: Various Black 7th moves.} 9. h3 Bxf3 10. Bxf3 Kh8 {[%emt 0:04:47] White is slightly better.} 11. Bg5 $146 (11. Rb1 Ng8 12. b4 f5 13. Ba3 Nb6 14. Be2 fxe4 15. Nxe4 Nh6 16. c5 Nc8 {½-½ Winzek,F (1479)-Luethje,F (1320) Schleswig Holstein-ch U18 Vormeister 2010 (2)}) 11... Qb8 12. Qd2 Ng8 13. Be2 {[%emt 0:03:45] White is more active. Black is weak on the light squares} a6 {[%emt 0:09:08] White has space advantage and is better} 14. Rae1 f6 15. Be3 f5 16. exf5 gxf5 {[%emt 0:00:06] [#] Strongly threatening ...f4.} 17. f4 Ne7 {[%emt 0:02:31] Inaccurate:     	White=1     	Black=2      OK:         	White=4     	Black=1} 18. Bd3 {[%emt 0:10:09] Weighted Error Value: White=0.05 (flawless) /Black=0.16 (very precise)} *

[Event "AUT Bundesliga 2024-25"]
[Site "Austria"]
[Date "2025.04.05"]
[Round "10.2"]
[White "Kozak, Adam"]
[Black "Kozul, Zdenko"]
[Result "1/2-1/2"]
[Annotator "RC"]
[ECO "E94"]
[WhiteElo "2598"]
[BlackElo "2507"]
[PlyCount "227"]
[EventDate "2024.08.28"]
[EventType "team-tourn"]
[EventCountry "AUT"]
[SourceTitle "playchess.com"]
[Source "ChessBase"]
[SourceQuality "1"]
[TimeControl "40/5400+30:1800+30"]

1. d4 Nf6 2. c4 g6 3. Nc3 Bg7 4. e4 d6 5. Nf3 O-O 6. Be2 e5 7. O-O Bg4 8. d5 Nbd7 9. h3 Bxf3 10. Bxf3 Kh8 11. Bg5 Qb8 12. Qd2 Ng8 13. Be2 a6 14. Rae1 f6 15. Be3 f5 16. exf5 gxf5 17. f4 Ne7 18. Bd3 e4 19. Be2 Rg8 20. g4 b5 21. cxb5 axb5 22. Bxb5 Nb6 23. a4 fxg4 24. hxg4 Qc8 25. g5 Nbxd5 26. Nxe4 c6 27. Nxd6 Qe6 28. Bc5 Qg4+ 29. Qg2 Qxg2+ 30. Kxg2 Rgf8 31. Bc4 Bxb2 32. Re4 Nf5 33. Nxf5 Rxf5 34. Bxd5 cxd5 35. Rb4 Ba3 36. Bd4+ Kg8 37. Rb7 Rxa4 38. Be5 Bf8 39. Kg3 Rf7 40. Rb8 Rd7 41. Rc1 Rc4 42. Ra1 Rb4 43. Rc8 Rc4 44. Rb8 Rb4 45. Re8 Kf7 46. Raa8 Bg7 47. Bxg7 Kxg7 48. Rg8+ Kf7 49. Raf8+ Ke7 50. Rg7+ Kxf8 51. Rxd7 Kg8 52. Rxd5 Rb1 53. Rd6 Rf1 54. Kg4 Kg7 55. Kf5 Rf2 56. Rd7+ Kg8 57. Ke5 Ra2 58. f5 Ra6 59. Rd8+ Kf7 60. Rd7+ Kg8 61. f6 Ra1 62. Rg7+ Kh8 63. Kf5 Ra5+ 64. Kg4 Ra4+ 65. Kh5 Ra1 66. Re7 Kg8 67. Kg4 Rf1 68. Rd7 Rf2 69. Rc7 Rf1 70. Rg7+ Kh8 71. Rb7 Kg8 72. Rb8+ Kf7 73. Rb7+ Kg8 74. Rb8+ Kf7 75. Rh8 Rg1+ 76. Kf5 Rf1+ 77. Ke5 Re1+ 78. Kf4 Rf1+ 79. Ke3 Rh1 80. Rb8 Rf1 81. Rb7+ Kg8 82. Rg7+ Kh8 83. Ke4 Ra1 84. Rc7 Kg8 85. Ke5 Re1+ 86. Kd6 Rd1+ 87. Ke7 Re1+ 88. Kd8 Ra1 89. Ke8 Ra8+ 90. Ke7 Rb8 91. Ra7 Rc8 92. Rd7 Ra8 93. Ke6 Ra6+ 94. Rd6 Ra8 95. Rd5 Ra6+ 96. Kf5 Ra1 97. Rd8+ Kf7 98. Rd7+ Kg8 99. Rg7+ Kh8 100. g6 Ra5+ 101. Kg4 hxg6 102. Rxg6 Kh7 103. Rg7+ Kh8 104. Rg5 Ra7 105. Kf5 Kh7 106. Kg4 Ra4+ 107. Kh5 Rf4 108. Rg7+ Kh8 109. Rg6 Rf1 110. Kg5 Rg1+ 111. Kf5 Rxg6 112. Kxg6 Kg8 113. f7+ Kf8 114. Kf6 1/2-1/2

[Event "AUT Bundesliga 2024-25"]
[Site "Austria"]
[Date "2025.04.05"]
[Round "10.3"]
[White "Schnider, Gert"]
[Black "Markus, Robert"]
[Result "*"]
[Annotator "TA"]
[ECO "C18"]
[WhiteElo "2368"]
[BlackElo "2595"]
[PlyCount "34"]
[EventDate "2024.08.28"]
[EventType "team-tourn"]
[EventCountry "AUT"]
[SourceTitle "playchess.com"]
[Source "ChessBase"]
[SourceQuality "1"]
[TimeControl "40/5400+30:1800+30"]

1. e4 e6 2. d4 d5 3. Nc3 Bb4 4. e5 c5 5. a3 Bxc3+ 6. bxc3 Nc6 7. Qg4 g6 8. h4 {[%emt 0:03:13] White is more active.} (8. dxc5 Nxe5 9. Qf4 Nc6 $11) 8... Bd7 {[%emt 0:02:43] C18: French: 3 Nc3 Bb4: Main line: 7 h4 and 7 Qg4.} 9. h5 {[%emt 0:02:44] [#]} Qa5 10. Bd2 Qa4 {[%emt 0:04:08][%csl LRc2,LRd4] White is slightly better.} 11. hxg6 fxg6 12. Nf3 O-O-O 13. Ng5 h5 14. Qg3 $146 {[%emt 0:03:28] A sharp opening} (14. Nxe6 $2 {is the wrong capture.} hxg4 15. Nxc5 Rxh1 $19 (15... Qxc2 $2 16. Rxh8 g3 17. fxg3 $19)) (14. Qh3 Nh6 15. Nxe6 cxd4 16. Nc5 Bxh3 17. Nxa4 Bf5 18. Bg5 Rde8 19. cxd4 Bxc2 20. Bxh6 Bxa4 {½-½ Koch,D (2150)-Brittner,S (2285) Luxembourg-chT 1314 2013 (6)}) 14... Nh6 {[%emt 0:06:20] Prevents Nf7} 15. Bd3 ({Better is} 15. dxc5 $11 Qa5 16. f4) 15... c4 (15... cxd4 $15 16. Rh4 Rdf8) 16. Bxg6 $11 {[%emt 0:41:02][%cal Og3f3] and Qf3! would now be decisive} Rdg8 17. Bxh5 {[%emt 0:00:00] Mistake:       	White=1     	Black=1      Inaccurate:     	White=1     	Black=1      OK:         	White=5     	Black=3      Best:        	---       	Black=1} Nf5 {[%emt 0:04:01] Weighted Error Value: White=0.19 (very precise) /Black=0.11 (very precise)} *

[Event "AUT Bundesliga 2024-25"]
[Site "Austria"]
[Date "2025.04.05"]
[Round "10.4"]
[White "Korpa, Bence"]
[Black "Fahrner, Kurt"]
[Result "*"]
[Annotator "TA"]
[ECO "A41"]
[WhiteElo "2543"]
[BlackElo "2266"]
[PlyCount "40"]
[EventDate "2024.08.28"]
[EventType "team-tourn"]
[EventCountry "AUT"]
[SourceTitle "playchess.com"]
[Source "ChessBase"]
[SourceQuality "1"]
[TimeControl "40/5400+30:1800+30"]

1. Nf3 d6 2. d4 g6 3. b4 Bg7 4. Bb2 f5 5. e3 Nf6 6. c4 {[%emt 0:00:13] A41: 1 d4 d6: Tartakower System and Modern Defence.} c6 7. Nc3 Na6 $146 (7... O-O 8. Be2 h6 9. O-O Be6 10. Bd3 Nbd7 11. Qe2 Qe8 12. Rfe1 Nb6 13. Rac1 Qf7 {½-½ Folk Gilsanz,J (2269)-Fengier,D (2285) Champion's League 2017/C4 email [2]}) 8. Qb3 {[%emt 0:01:48] White is slightly better.} Nc7 9. a4 O-O 10. Be2 Kh8 11. Rd1 Be6 12. Ng5 Bg8 13. h4 {[%emt 1:13:31] White is more active.} Qe8 14. d5 Rd8 15. Bf3 e5 16. dxe6 Nxe6 17. Ne2 a5 18. bxa5 Nc5 19. Qc2 {[%emt 0:03:47][%cal Oh4h5] And now h5! would win.} Nfe4 ({Reject} 19... h6 $6 20. h5 $16) 20. Nf4 {[%emt 0:08:26] Mistake:       	White=1     	Black=1      Inaccurate:     	White=2     	Black=2      OK:         	White=6     	Black=4      Best:        	---       	Black=1} (20. Bd4 $14) 20... Be5 {[%emt 0:00:24] Weighted Error Value: White=0.16 (very precise) /Black=0.11 (very precise)} (20... Bxb2 $1 $11 {remains equal.} 21. Qxb2+ Qe5) *

[Event "AUT Bundesliga 2024-25"]
[Site "Austria"]
[Date "2025.04.05"]
[Round "10.5"]
[White "Krebs, Johann"]
[Black "Subelj, Jan"]
[Result "0-1"]
[Annotator "RC"]
[ECO "D31"]
[WhiteElo "2231"]
[BlackElo "2528"]
[PlyCount "100"]
[EventDate "2024.08.28"]
[EventType "team-tourn"]
[EventCountry "AUT"]
[SourceTitle "playchess.com"]
[Source "ChessBase"]
[SourceQuality "1"]
[TimeControl "40/5400+30:1800+30"]

1. d4 d5 2. c4 e6 3. Nc3 c6 4. e4 dxe4 5. Nxe4 Bb4+ 6. Nc3 c5 7. a3 Ba5 8. Be3 Nf6 9. Rc1 cxd4 10. Qxd4 Qxd4 11. Bxd4 Nc6 12. Be3 Ng4 13. Bc5 f6 14. Nf3 Bd7 15. b4 Bb6 16. Ne4 Bxc5 17. Nxc5 O-O-O 18. Be2 e5 19. O-O Nh6 20. Rfd1 Bf5 21. Rd5 Rhe8 22. Bd1 Ne7 23. Ba4 Nxd5 24. cxd5 Kb8 25. Bxe8 Rxe8 26. h3 Rd8 27. g4 Bc8 28. Rd1 b6 29. Ne4 Bb7 30. Nc3 Nf7 31. Nh4 Nd6 32. Ng2 Rc8 33. Rd3 Ba6 34. Rg3 Rc4 35. Nh4 Bc8 36. Re3 e4 37. Ng2 f5 38. g5 f4 39. Nxf4 Nf5 40. Nce2 Nxe3 41. fxe3 Kc7 42. Kf2 Kd6 43. Kg3 Ke5 44. h4 Bb7 45. Ne6 g6 46. Nf8 Rc7 47. h5 gxh5 48. Nf4 Rf7 49. g6 Rxf8 50. gxh7 Kf5 0-1

[Event "AUT Bundesliga 2024-25"]
[Site "Austria"]
[Date "2025.04.05"]
[Round "10.6"]
[White "Gschnitzer, Adrian"]
[Black "Ebner, Hubert"]
[Result "1-0"]
[Annotator "RC"]
[ECO "B52"]
[WhiteElo "2430"]
[BlackElo "2154"]
[PlyCount "83"]
[EventDate "2024.08.28"]
[EventType "team-tourn"]
[EventCountry "AUT"]
[SourceTitle "playchess.com"]
[Source "ChessBase"]
[SourceQuality "1"]
[TimeControl "40/5400+30:1800+30"]

1. e4 c5 2. Nf3 d6 3. Bb5+ Bd7 4. Bxd7+ Qxd7 5. c4 Nc6 6. d4 cxd4 7. Nxd4 Nf6 8. Nc3 g6 9. f3 Bg7 10. Be3 O-O 11. O-O a6 12. Qd3 Rab8 13. Nxc6 bxc6 14. b3 Qc7 15. Rad1 Nd7 16. f4 Rfd8 17. Qc2 a5 18. Rd2 Nc5 19. Bxc5 dxc5 20. e5 f6 21. Re2 Rf8 22. f5 gxf5 23. e6 f4 24. Qf5 Rbd8 25. Rxf4 Qe5 26. Qxe5 fxe5 27. Rxf8+ Kxf8 28. Ne4 a4 29. g4 h6 30. bxa4 Bf6 31. Nxc5 Rd4 32. Rc2 e4 33. Kf2 Rd8 34. Nd7+ Kg7 35. c5 Bd4+ 36. Ke2 Ra8 37. Rc4 Bg1 38. h4 Ra5 39. Rxe4 Bxc5 40. Re5 Bb4 41. Rxa5 Bxa5 42. h5 1-0

[Event "AUT Bundesliga 2024-25"]
[Site "Austria"]
[Date "2025.04.05"]
[Round "10.7"]
[White "Mons, Leon"]
[Black "Costa, Leonardo"]
[Result "1/2-1/2"]
[Annotator "RC"]
[ECO "C79"]
[WhiteElo "2479"]
[BlackElo "2510"]
[PlyCount "81"]
[EventDate "2024.08.28"]
[EventType "team-tourn"]
[EventCountry "AUT"]
[SourceTitle "playchess.com"]
[Source "ChessBase"]
[SourceQuality "1"]
[TimeControl "40/5400+30:1800+30"]

1. e4 e5 2. Nf3 Nc6 3. Bb5 a6 4. Ba4 Nf6 5. O-O d6 6. c4 Bg4 7. d3 g6 8. h3 Bxf3 9. Qxf3 Nd7 10. Be3 Bg7 11. c5 Nd4 12. Bxd4 exd4 13. cxd6 cxd6 14. Qg3 O-O 15. Qxd6 Ne5 16. Qxd8 Rfxd8 17. Rd1 g5 18. Na3 Rac8 19. Bb3 b5 20. Nc2 Rc5 21. a4 bxa4 22. Bxa4 a5 23. Kf1 h5 24. Ke2 Rb8 25. Ra2 Ng6 26. Na3 Rb4 27. b3 Nf4+ 28. Kf1 Rc3 29. Nc2 Rb8 30. Ne1 Ne6 31. Nf3 Kf8 32. Bd7 Nc5 33. Bf5 Nxb3 34. Nxg5 Rb5 35. f4 Nc1 36. Ra4 Nxd3 37. e5 Nxf4 38. Raxd4 Bxe5 39. Rd7 Rc7 40. Nxf7 Rxd7 41. Bxd7 1/2-1/2

[Event "AUT Bundesliga 2024-25"]
[Site "Austria"]
[Date "2025.04.05"]
[Round "10.8"]
[White "Halvax, Georg"]
[Black "Koelle, Tobias"]
[Result "1/2-1/2"]
[Annotator "RC"]
[ECO "D24"]
[WhiteElo "2441"]
[BlackElo "2459"]
[PlyCount "35"]
[EventDate "2024.08.28"]
[EventType "team-tourn"]
[EventCountry "AUT"]
[SourceTitle "playchess.com"]
[Source "ChessBase"]
[SourceQuality "1"]
[TimeControl "40/5400+30:1800+30"]

1. d4 Nf6 2. c4 e6 3. Nf3 d5 4. Nc3 dxc4 5. e4 b5 6. e5 Nd5 7. Nxb5 Nb6 8. Be2 Be7 9. O-O Nc6 10. Be3 O-O 11. Nc3 Rb8 12. Qb1 Bb7 13. Rc1 h6 14. Ne4 Na5 15. Bd2 Nc6 16. Be3 Na5 17. Bd2 Nc6 18. Be3 1/2-1/2

[Event "AUT Bundesliga 2024-25"]
[Site "Austria"]
[Date "2025.04.05"]
[Round "10.9"]
[White "Deuer, Marius"]
[Black "Handler, Lukas"]
[Result "1/2-1/2"]
[Annotator "RC"]
[ECO "D11"]
[WhiteElo "2464"]
[BlackElo "2444"]
[PlyCount "71"]
[EventDate "2024.08.28"]
[EventType "team-tourn"]
[EventCountry "AUT"]
[SourceTitle "playchess.com"]
[Source "ChessBase"]
[SourceQuality "1"]
[TimeControl "40/5400+30:1800+30"]

1. d4 d5 2. c4 c6 3. Nf3 Nf6 4. g3 Bf5 5. Nc3 e6 6. Nh4 Be4 7. f3 Bg6 8. Qb3 Qb6 9. c5 Qxb3 10. axb3 Na6 11. Nxg6 hxg6 12. Ra4 Nd7 13. b4 Nc7 14. Bf4 e5 15. Bxe5 Nxe5 16. dxe5 a5 17. bxa5 Bxc5 18. Bg2 O-O 19. Kd2 Rfe8 20. f4 f6 21. exf6 gxf6 22. e4 d4 23. Ne2 b5 24. Rxd4 Bxd4 25. Nxd4 c5 26. Nc6 Re6 27. e5 fxe5 28. Rc1 c4 29. fxe5 Ra6 30. Kc3 Raxc6 31. Bxc6 Rxc6 32. Rf1 Nd5+ 33. Kd4 Nb4 34. Kc3 Nd3 35. Ra1 Ra6 36. e6 1/2-1/2

[Event "AUT Bundesliga 2024-25"]
[Site "Austria"]
[Date "2025.04.05"]
[Round "10.10"]
[White "Bauer, Sebastian"]
[Black "Rosner, Jonas"]
[Result "1/2-1/2"]
[Annotator "RC"]
[ECO "B13"]
[WhiteElo "2312"]
[BlackElo "2430"]
[PlyCount "79"]
[EventDate "2024.08.28"]
[EventType "team-tourn"]
[EventCountry "AUT"]
[SourceTitle "playchess.com"]
[Source "ChessBase"]
[SourceQuality "1"]
[TimeControl "40/5400+30:1800+30"]

1. e4 c6 2. d4 d5 3. exd5 cxd5 4. Bd3 Nc6 5. c3 Qc7 6. Na3 a6 7. Nc2 Nf6 8. h3 g6 9. Ne2 Bf5 10. Bxf5 gxf5 11. Bf4 Qd7 12. O-O e6 13. Ne1 Rg8 14. Nd3 Be7 15. Rc1 Bd6 16. b4 Ne4 17. Re1 O-O-O 18. Qa4 Ne5 19. Qxd7+ Nxd7 20. Ne5 Nxe5 21. Bxe5 Nd2 22. Kh2 Be7 23. Rc2 Nc4 24. Bf4 Kd7 25. Nc1 Rc8 26. Nd3 Rc6 27. a4 b6 28. b5 Rcc8 29. bxa6 Ra8 30. Ne5+ Nxe5 31. Bxe5 Rxa6 32. c4 Rc8 33. Rec1 Ba3 34. Ra1 Bd6 35. Rac1 Ba3 36. Ra1 Be7 37. Rac1 f6 38. Bg3 Ba3 39. cxd5 Rxc2 40. Rxc2 1/2-1/2

[Event "AUT Bundesliga 2024-25"]
[Site "Austria"]
[Date "2025.04.05"]
[Round "10.11"]
[White "Hinterreiter, Markus"]
[Black "Genser, Harald"]
[Result "1/2-1/2"]
[Annotator "ChessBase"]
[ECO "E17"]
[WhiteElo "2236"]
[BlackElo "2271"]
[PlyCount "77"]
[EventDate "2024.08.28"]
[EventType "team-tourn"]
[EventCountry "AUT"]
[SourceTitle "playchess.com"]
[Source "ChessBase"]
[SourceQuality "1"]
[TimeControl "40/5400+30:1800+30"]

1. Nf3 d5 2. g3 Nf6 3. Bg2 e6 4. O-O Be7 5. c4 O-O 6. b3 b6 7. d4 Bb7 8. Nc3 Nbd7 9. Bb2 c5 10. Ne1 Ne4 11. dxc5 Ndxc5 12. cxd5 exd5 13. Nd3 Ne6 14. Nb5 a6 15. Nd4 Bf6 16. Nxe6 fxe6 17. Ne5 Qd6 18. Bxe4 Bxe5 19. Bxe5 Qxe5 20. Bf3 Rac8 21. Qd2 Qc3 22. Rfd1 Qxd2 23. Rxd2 Rc7 24. Kf1 Rfc8 25. Ke1 Rc1+ 26. Rxc1 Rxc1+ 27. Rd1 Rc2 28. Ra1 Kf7 29. Kd1 Rc7 30. Rc1 Rxc1+ 31. Kxc1 Kf6 32. Kd2 g5 33. e3 e5 34. b4 Bc6 35. Bg4 h6 36. Kc3 a5 37. a3 axb4+ 38. axb4 Be8 39. Bc8 1/2-1/2

[Event "AUT Bundesliga 2024-25"]
[Site "Austria"]
[Date "2025.04.05"]
[Round "10.12"]
[White "Hartl, Daniel"]
[Black "Leeb, Simon"]
[Result "0-1"]
[Annotator "ChessBase"]
[ECO "D15"]
[WhiteElo "2271"]
[BlackElo "2220"]
[PlyCount "54"]
[EventDate "2024.08.28"]
[EventType "team-tourn"]
[EventCountry "AUT"]
[SourceTitle "playchess.com"]
[Source "ChessBase"]
[SourceQuality "1"]
[TimeControl "40/5400+30:1800+30"]

1. d4 d5 2. c4 c6 3. Nf3 Nf6 4. e3 Bf5 5. Nc3 a6 6. Ne5 Nbd7 7. Qb3 Qc7 8. cxd5 Nxe5 9. dxe5 Nxd5 10. Nxd5 cxd5 11. Bd2 Qxe5 12. Qxb7 Rb8 13. Qa7 Qxb2 14. Rc1 e5 15. Qxa6 Bb4 16. Bb5+ Kf8 17. O-O Qxd2 18. Rc7 Kg8 19. a3 Bf8 20. a4 Be6 21. Qa7 Rd8 22. f4 d4 23. fxe5 Qxe3+ 24. Kh1 Qxe5 25. Rcxf7 Bd6 26. R7f4 g5 27. Qa5 Bc7 0-1

[Event "AUT Bundesliga 2024-25"]
[Site "Austria"]
[Date "2025.04.05"]
[Round "10.13"]
[White "Kadric, Denis"]
[Black "Nguyen, Thai Dai Van"]
[Result "0-1"]
[Annotator "RC"]
[ECO "C47"]
[WhiteElo "2533"]
[BlackElo "2668"]
[PlyCount "78"]
[EventDate "2024.08.28"]
[EventType "team-tourn"]
[EventCountry "AUT"]
[SourceTitle "playchess.com"]
[Source "ChessBase"]
[SourceQuality "1"]
[TimeControl "40/5400+30:1800+30"]

1. e4 e5 2. Nf3 Nf6 3. Nc3 Nc6 4. d4 exd4 5. Nxd4 Bb4 6. Nxc6 bxc6 7. Bd3 d5 8. exd5 O-O 9. O-O cxd5 10. Bg5 c6 11. Qf3 h6 12. Bxf6 Qxf6 13. Qxf6 gxf6 14. Ne2 Rb8 15. Ng3 Be6 16. Nf5 c5 17. Nxh6+ Kh8 18. Rad1 c4 19. Bf5 Kg7 20. Bxe6 fxe6 21. Ng4 Rfc8 22. Ne3 Bc5 23. b3 a5 24. Rb1 a4 25. Rfd1 Kg6 26. Kf1 cxb3 27. cxb3 Bxe3 28. fxe3 Rc3 29. bxa4 Rh8 30. h3 Rxe3 31. Re1 Rxe1+ 32. Rxe1 e5 33. Rd1 d4 34. Ke2 Ra8 35. Kf3 Rxa4 36. Rd2 f5 37. g3 Ra3+ 38. Kf2 Kg5 39. Kg2 Ra4 0-1

[Event "AUT Bundesliga 2024-25"]
[Site "Austria"]
[Date "2025.04.05"]
[Round "10.14"]
[White "Pechac, Jergus"]
[Black "Petrov, Nikita"]
[Result "1/2-1/2"]
[Annotator "RC"]
[ECO "E20"]
[WhiteElo "2600"]
[BlackElo "2567"]
[PlyCount "69"]
[EventDate "2024.08.28"]
[EventType "team-tourn"]
[EventCountry "AUT"]
[SourceTitle "playchess.com"]
[Source "ChessBase"]
[SourceQuality "1"]
[TimeControl "40/5400+30:1800+30"]

1. d4 Nf6 2. c4 e6 3. Nc3 Bb4 4. g3 c5 5. Nf3 Ne4 6. Qd3 Qa5 7. Qxe4 Bxc3+ 8. Bd2 Bxd2+ 9. Nxd2 O-O 10. Bg2 Nc6 11. dxc5 Qxc5 12. O-O b5 13. Rfc1 bxc4 14. Qxc4 Qxc4 15. Nxc4 d5 16. Nb6 axb6 17. Rxc6 b5 18. Rc7 Rd8 19. e4 dxe4 20. Bxe4 Rb8 21. b3 b4 22. Rac1 Kf8 23. h4 h6 24. Ra7 Bd7 25. Rc4 Be8 26. Kg2 Rd2 27. Bc6 Bxc6+ 28. Rxc6 Rd5 29. Rcc7 Rf5 30. g4 Rf4 31. Kg3 g5 32. Rc5 Rd8 33. hxg5 hxg5 34. Rxg5 Rf6 35. Rb5 1/2-1/2

[Event "AUT Bundesliga 2024-25"]
[Site "Austria"]
[Date "2025.04.05"]
[Round "10.15"]
[White "Erdos, Viktor"]
[Black "Zilka, Stepan"]
[Result "*"]
[Annotator "TA"]
[ECO "C65"]
[WhiteElo "2542"]
[BlackElo "2515"]
[PlyCount "51"]
[EventDate "2024.08.28"]
[EventType "team-tourn"]
[EventCountry "AUT"]
[SourceTitle "playchess.com"]
[Source "ChessBase"]
[SourceQuality "1"]
[TimeControl "40/5400+30:1800+30"]

1. e4 e5 2. Nf3 Nc6 3. Bb5 Nf6 4. d3 Ne7 5. Nc3 c6 6. Bc4 {[%emt 0:00:05] C65: Ruy Lopez: Berlin Defence (3...Nf6), unusual lines and 4 0-0 Bc5.} d6 {[%emt 0:00:08] 6...Ng6 is vanishing.} 7. d4 exd4 8. Qxd4 d5 $146 (8... Ng6 $1 $11) (8... Ng6 9. h3 Be7 10. a4 O-O 11. O-O Be6 12. Re1 Nd7 13. Ba2 Qc8 14. Qe3 Bxa2 15. Nxa2 {1-0 Duda,J (2726)-Antipov,M (2600) AI Cup Play In rapid 2023 (9)}) 9. exd5 {[%emt 0:10:17] White is more active.} Nexd5 10. Nxd5 cxd5 11. Bb5+ Bd7 12. Bxd7+ Qxd7 13. O-O {[%emt 0:01:00] Hoping for Ne5.} Be7 14. Bg5 O-O 15. Qd3 h6 16. Bh4 Rad8 17. c3 Ne4 18. Bxe7 Qxe7 19. Nd4 Nc5 20. Qd2 Rfe8 21. Rad1 Qf6 22. Rfe1 Ne4 23. Qc2 Qa6 24. a3 Nf6 25. Nf5 Re6 {[%emt 0:02:26] Mistake:       	White=1     	Black=1      Inaccurate:     	White=1     	---        OK:         	White=7     	Black=4      Best:        	---       	Black=3} 26. Nd4 {[%emt 0:00:55] Weighted Error Value: White=0.07 (flawless) /Black=0.11 (very precise)} (26. Rxe6 $14 Qxe6 27. h3) *

[Event "AUT Bundesliga 2024-25"]
[Site "Austria"]
[Date "2025.04.05"]
[Round "10.16"]
[White "Hracek, Zbynek"]
[Black "Sankalp Gupta"]
[Result "1/2-1/2"]
[Annotator "TA"]
[ECO "B12"]
[WhiteElo "2538"]
[BlackElo "2548"]
[PlyCount "45"]
[EventDate "2024.08.28"]
[EventType "team-tourn"]
[EventCountry "AUT"]
[SourceTitle "playchess.com"]
[Source "ChessBase"]
[SourceQuality "1"]
[TimeControl "40/5400+30:1800+30"]

1. e4 c6 2. d4 d5 3. e5 c5 4. c3 Nc6 5. Be2 Bf5 6. Nf3 e6 7. O-O a6 {[%emt 0:05:59] B12: Caro-Kann: Advance Variation.} 8. Be3 Qb6 9. Nh4 Nge7 $146 {[%emt 0:07:59] White has an edge.} (9... Be4 10. Nd2 Be7 11. f3 cxd4 12. cxd4 Bg6 13. Nxg6 hxg6 14. Qb3 Bd8 15. f4 Nge7 {½-½ Lagarde,M (2629)-Donchenko,A (2664) EU-chT 24th Budva 2023 (8.4)}) 10. Qd2 cxd4 11. cxd4 Bxb1 (11... h6 $11) 12. Raxb1 $16 Ng6 13. Nxg6 hxg6 14. b4 Bxb4 15. Qb2 {[%emt 0:00:14] [#] and a3 should not be overlooked} Qa5 {[%emt 0:04:14] The position is equal.} 16. Rfc1 (16. a3 {simplifies} Qxa3 17. Qxa3 Bxa3 18. Rxb7 O-O 19. Ra1) 16... O-O {[%emt 0:05:37] ...Ba3 would now be deadly.} 17. Rxc6 $1 bxc6 18. Qxb4 Qxa2 19. Rb2 Qa1+ 20. Rb1 Qa2 21. Rb2 Qa1+ 22. Rb1 Qa2 23. Rb2 {[%emt 0:00:04] Weighted Error Value: White=0.08 (flawless) /Black=0.09 (flawless)   Mistake:       	---       	Black=1      OK:         	White=3     	Black=8      Best:        	White=2     	---        Strong:       	White=1     	---} 1/2-1/2

[Event "AUT Bundesliga 2024-25"]
[Site "Austria"]
[Date "2025.04.05"]
[Round "10.17"]
[White "Perunovic, Milos"]
[Black "Stalmach, Richard"]
[Result "*"]
[Annotator "TA"]
[ECO "B90"]
[WhiteElo "2501"]
[BlackElo "2427"]
[PlyCount "43"]
[EventDate "2024.08.28"]
[EventType "team-tourn"]
[EventCountry "AUT"]
[SourceTitle "playchess.com"]
[Source "ChessBase"]
[SourceQuality "1"]
[TimeControl "40/5400+30:1800+30"]

1. e4 c5 2. Nf3 d6 3. d4 cxd4 4. Nxd4 Nf6 5. Nc3 a6 6. Be3 e5 7. Nb3 Be6 8. h3 {[%emt 0:01:44] B90: Sicilian Najdorf: Unusual White 6th moves, 6 Be3 Ng4 and 6 Be3 e5.} Be7 9. Qf3 O-O 10. O-O-O {[%emt 0:03:59] The position is equal.} b5 11. g4 b4 12. Nd5 a5 13. Kb1 a4 14. Nd2 {[%emt 0:00:40] A sharp opening} Nxd5 (14... Na6 $5) 15. exd5 Bc8 16. Bd3 Nd7 17. g5 Qc7 (17... Bxg5 $2 {loses.} 18. Qf5 Nf6 19. Qxg5 $18) 18. Rhg1 Ba6 19. Bxa6 Rxa6 20. Qe2 Raa8 21. Ne4 $146 (21. Qc4 Qxc4 22. Nxc4 f5 23. gxf6 Nxf6 24. f4 exf4 25. Bxf4 Ne4 26. Be3 Bf6 27. Bd4 {½-½ Michalek,M (2477)-Andriuschenko,N (2417) W-ch39 sf01 email 2015}) 21... Rfc8 {[%emt 0:02:05][%cal Ob4b3] Mistake:       	White=1     	---        Inaccurate:     	White=4     	Black=2      OK:         	White=5     	Black=5} 22. Qd3 {[%emt 0:01:39] Weighted Error Value: White=0.12 (very precise) /Black=0.12 (very precise)} (22. Rd2 $11) *